[Event "*** Titled Tuesday Blitz"]
[Site "Chess.com"]
[Date "2021.04.06"]
[Round "3"]
[White "reniite"]
[Black "BJthechessgod"]
[Result "1-0"]
[WhiteElo "2037"]
[BlackElo "2287"]
[TimeControl "180+1"]
[EndTime "10:26:35 PDT"]
[Termination "reniite won by resignation"]

1. e4 c5 2. Nf3 Nc6 3. d4 cxd4 4. Nxd4 g6 5. Nc3 Bg7 6. Nde2 Nf6 7. g3 O-O 8. Bg2 d6 9. O-O Bd7 10. h3 Rc8 11. Nd5 Nxd5 12. exd5 Ne5 13. a4 a5 14. Kh2 Nc4 15. Ra2 Bf5 16. b3 Ne5 17. f4 Nd7 18. g4 Nf6 19. gxf5 gxf5 20. Nd4 Qd7 21. c4 e5 22. fxe5 dxe5 23. Nxf5 e4 24. Raf2 Ne8 25. Nxg7 Nxg7 26. Bb2 f5 27. Ba3 Rf6 28. Bxe4 Rh6 29. Bg2 Re8 30. Bc1 Rg6 31. Bf4 Nh5 32. Qxh5 Qg7 33.
d6 Re4 34. Qxf5 Rxf4 35. Qxf4 1-0

[Event "*** Titled Tuesday Blitz"]
[Site "Chess.com"]
[Date "2021.04.06"]
[Round "3"]
[White "Keks2017"]
[Black "tusplingher"]
[Result "1-0"]
[WhiteElo "2534"]
[BlackElo "2313"]
[TimeControl "180+1"]
[EndTime "10:26:36 PDT"]
[Termination "Keks2017 won by resignation"]

1. e4 c5 2. d3 g6 3. g3 Bg7 4. Bg2 Nc6 5. f4 e6 6. Nf3 Nge7 7. O-O O-O 8. c3 d5 9. Qe2 b6 10. Re1 Ba6 11. e5 h5 12. Nbd2 Nf5 13. Nf1 d4 14. c4 Qd7 15. Ng5 Bb7 16. Ne4 Rae8 17. a3 a5 18. h3 Nce7 19. g4 hxg4 20. hxg4 Nh6 21. Nf6+ Bxf6 22. exf6 Nc6 23. Bf3 e5 24. f5 Nxf5 25. gxf5 Qxf5 26. Ng3 Qxf6 27. Qg2 Qh4 28. Bd2 Nd8 29. Bxb7 Nxb7 30. Ne4 Nd8 31. Bg5 1-0

[Event "*** Titled Tuesday Blitz"]
[Site "Chess.com"]
[Date "2021.04.06"]
[Round "3"]
[White "ehrenfeld"]
[Black "northridgehawk"]
[Result "1-0"]
[WhiteElo "2535"]
[BlackElo "2313"]
[TimeControl "180+1"]
[EndTime "10:26:37 PDT"]
[Termination "ehrenfeld won by resignation"]

1. e4 e5 2. Nc3 Nc6 3. Bc4 Nf6 4. d3 Bc5 5. f4 d6 6. Nf3 Bg4 7. Na4 Nd4 8. Nxc5 dxc5 9. O-O Nxf3+ 10. gxf3 Bh3 11.
Rf2 exf4 12. Bxf4 O-O 13. Kh1 c6 14. a4 Nh5 15. Be3 Qe7 16. Qg1 Rad8 17. Qg5 Qxg5 18. Bxg5 Rd7 19. Rg1 Kh8 20. Be3 b6 21. Rg5 g6 22. f4 f6 23. Rg1 Re7 24. Bd2 Be6 25. Bxe6 Rxe6 26. f5 Re7 27. fxg6 hxg6 28. Rxg6 Rg7 29.
Rh6+ Rh7 30. Rf5 Ng7 31. Rf3 Kg8 32. Rg6 f5 33. exf5 Kf7 34. Rxc6 Re8 35. Rc7+ Kf8 36. f6 1-0

[Event "*** Titled Tuesday Blitz"]
[Site "Chess.com"]
[Date "2021.04.06"]
[Round "3"]
[White "Onischuk_V"]
[Black "ukchessbomber"]
[Result "1-0"]
[WhiteElo "2860"]
[BlackElo "2473"]
[TimeControl "180+1"]
[EndTime "10:26:38 PDT"]
[Termination "Onischuk_V won by resignation"]

1. Nf3 Nf6 2. g3 g6 3. Bg2 Bg7 4. O-O O-O 5. d3 d5 6. Nbd2 c5 7. e4 Nc6 8. Re1 e5 9. exd5 Nxd5 10. Nc4 Qc7 11. Nfxe5 Nxe5 12. Nxe5 Bxe5 13. Bxd5 Bd4 14.
Qf3 Be6 15. Bf4 Qd7 16. Bxb7 Rad8 17. c3 Bg7 18. Bc6 Qxd3 19. Qxd3 Rxd3 20. Rad1 Rfd8 21.
Rxd3 Rxd3 22. Be4 Rd8 23. a3 Bf6 24. f3 Kg7 25. Kf2 g5 26. Be3 Rb8 27. Re2 Be7 28. f4 h6 29. b4 a5 30. bxa5 gxf4 31. Bxf4 Rb3 32. Bc1 Rxc3 33. Bb2 Bf6 34. Bxc3 Bxc3 35. a6 Bd4+ 36. Kg2 1-0

[Event "*** Titled Tuesday Blitz"]
[Site "Chess.com"]
[Date "2021.04.06"]
[Round "3"]
[White "campomania3"]
[Black "NiranjanNavalgund"]
[Result "0-1"]
[WhiteElo "2240"]
[BlackElo "2509"]
[TimeControl "180+1"]
[EndTime "10:26:41 PDT"]
[Termination "NiranjanNavalgund won on time"]

1. d4 Nf6 2. c4 c5 3. d5 b5 4.
cxb5 a6 5. bxa6 g6 6. Nc3 Bg7 7. e4 O-O 8. Nf3 Bxa6 9. Bxa6 Nxa6 10. O-O d6 11. Re1 Qa5 12. Bd2 Rfb8 13. b3 Nd7 14. Qc1 Nb4 15. Re3 Qa3 16. Qd1 Qb2 17. Rb1 Qc2 18. a4 Qxd1+ 19. Nxd1 Nc2 20. Re2 Rxa4 21. Nc3 Ra1 22. Rxa1 Nxa1 23. Na4 Nxb3 24. Bc3 Ra8 25. Bxg7 Kxg7 26. Nc3 Nd4 27. Re1 Ra3 28. Nxd4 cxd4 29.
Nb5 Rd3 30. f3 Nc5 31. Kf2 Rd2+ 32. Re2 Nd3+ 33. Kf1 Rd1+ 0-1

[Event "*** Titled Tuesday Blitz"]
[Site "Chess.com"]
[Date "2021.04.06"]
[Round "3"]
[White "FoggyMorning"]
[Black "MrTattaglia"]
[Result "0-1"]
[WhiteElo "2591"]
[BlackElo "2803"]
[TimeControl "180+1"]
[EndTime "10:26:42 PDT"]
[Termination "MrTattaglia won by resignation"]

1. e4 e6 2. d4 g6 3. Nc3 Bg7 4. Be3 b6 5. h4 h6 6. Qd2 Bb7 7. f4 d5 8. e5 h5 9. Nf3 Nh6 10. O-O-O Ba6 11. Nb5 Qd7 12. a4 Nf5 13. Bf2 c6 14. Na3 Bxf1 15. Rhxf1 c5 16. dxc5 Qxa4 17. Nd4 Nd7 18. cxb6 axb6 19. Nxf5 gxf5 20. Qe3 Bf8 21. Nb1 Rg8 22. g3 Bc5 23. Qe2 Rc8 24. Rd3 Bxf2 25. Qxf2 Nc5 26. Rc3 d4 27. Ra3 Qxa3 28. Nxa3 Nd3+ 29.
Kd2 Nxf2 30. Rxf2 Rxg3 31. Nb5 Rd8 32. Nd6+ Ke7 33. Rf1 Rxd6 34. exd6+ Kxd6 0-1

[Event "*** Titled Tuesday Blitz"]
[Site "Chess.com"]
[Date "2021.04.06"]
[Round "3"]
[White "pfalcon1949"]
[Black "madamDD"]
[Result "0-1"]
[WhiteElo "1995"]
[BlackElo "2373"]
[TimeControl "180+1"]
[EndTime "10:26:42 PDT"]
[Termination "madamDD won by resignation"]

1. c4 b6 2. e4 Bb7 3. Nc3 e5 4. d3 Nf6 5. g3 Bc5 6. Bg2 O-O 7. Nge2 Ng4 8. O-O f5 9. Nd5 fxe4 10. dxe4 Nxf2 11. Rxf2 Bxf2+ 12. Kh1 Nc6 13. Bd2 Nd4 14. Bc3 Bxd5 15. exd5 Nxe2 16. Qxe2 d6 17. Rf1 Bd4 18.
Bxd4 exd4 19. Qe6+ Kh8 20. Rf7 Rxf7 21. Qxf7 Qe8 22. Qf2 Qe3 23. Qf1 d3 0-1

[Event "*** Titled Tuesday Blitz"]
[Site "Chess.com"]
[Date "2021.04.06"]
[Round "3"]
[White "ShapkinAnatoliy"]
[Black "shimastream"]
[Result "1-0"]
[WhiteElo "2681"]
[BlackElo "2954"]
[TimeControl "180+1"]
[EndTime "10:26:43 PDT"]
[Termination "ShapkinAnatoliy won by resignation"]

1. d4 d5 2. c4 e5 3. dxe5 Ne7 4. Nf3 Nbc6 5. cxd5 Qxd5 6. Qxd5 Nxd5 7. a3 Bg4 8. e4 Nde7 9. Nc3 O-O-O 10. Be3 Bxf3 11. gxf3 Nxe5 12. f4 Nd3+ 13. Bxd3 Rxd3 14. Ke2 Rd7 15. f5 g6 16. f6 Nc6 17. Rad1 Bd6 18. f4 Re8 19. e5 Bf8 20. Rxd7 Kxd7 21. Rd1+ Kc8 22. Ne4 Nd8 23. h4 Ne6 24. Ng5 Nxg5 25. hxg5 h5 26.
gxh6 Bxh6 27. Rh1 Bf8 28. Rh7 g5 29. Kf3 gxf4 30. Bxf4 Bc5 31. Ke4 Rf8 32. Bh6 Re8 33. Rxf7 Bd6 34. Bf4 Bc5 35. Kf5 1-0

[Event "*** Titled Tuesday Blitz"]
[Site "Chess.com"]
[Date "2021.04.06"]
[Round "3"]
[White "Chernobay_Artem"]
[Black "GigaQuparadze"]
[Result "0-1"]
[WhiteElo "2612"]
[BlackElo "2865"]
[TimeControl "180+1"]
[EndTime "10:26:43 PDT"]
[Termination "GigaQuparadze won on time"]

1. d4 Nf6 2. c4 e6 3. Nf3 b6 4. g3 Ba6 5. b3 Bb4+ 6. Bd2 Be7 7.
Bg2 c6 8. Bc3 d5 9. Nbd2 O-O 10.
O-O Nbd7 11. Qc2 b5 12. e4 bxc4 13. bxc4 Nb6 14. Ne5 Qc8 15. Rfe1 Nxc4 16. Ndxc4 dxc4 17. Rab1 Rd8 18. d5 cxd5 19. exd5 Nxd5 20. Be4 f5 21. Bf3 Bf6 22. Bd4 h6 23. Be2 Qc7 24. Bf1 Rac8 25. Nf3 Rd6 26. Bxf6 Nxf6 0-1

[Event "*** Titled Tuesday Blitz"]
[Site "Chess.com"]
[Date "2021.04.06"]
[Round "3"]
[White "banane_verte"]
[Black "KrolPawel92OnTwitch"]
[Result "0-1"]
[WhiteElo "2427"]
[BlackElo "2649"]
[TimeControl "180+1"]
[EndTime "10:26:44 PDT"]
[Termination "KrolPawel92OnTwitch won by resignation"]

1. e4 c5 2. Nc3 Nc6 3. g3 g6 4.
Bg2 Bg7 5. d3 e6 6. Be3 d6 7. Nge2 Nd4 8. O-O Ne7 9. Qd2 O-O 10.
Nd1 Nec6 11. Nc1 e5 12. c3 Ne6 13. Bh6 f5 14. Bxg7 Kxg7 15. exf5 gxf5 16. Ne3 f4 17.
Nd5 f3 18. Bh3 Ng5 19. Bxc8 Rxc8 20. h4 Nf7 21. d4 cxd4 22. Nd3 Qd7 23. Ne1 Qg4 24.
Qd3 e4 25. Qd2 d3 26. Ne3 Qh3 27. b4 Nce5 28. c4 Nh6 29. c5 Nhg4 30. Nxg4 Nxg4 31. Qg5+ Kh8 32. Qxg4 Qxg4 0-1

[Event "*** Titled Tuesday Blitz"]
[Site "Chess.com"]
[Date "2021.04.06"]
[Round "3"]
[White "Snegokhod"]
[Black "Triumphmate"]
[Result "1-0"]
[WhiteElo "2562"]
[BlackElo "2370"]
[TimeControl "180+1"]
[EndTime "10:26:45 PDT"]
[Termination "Snegokhod won by resignation"]

1. d4 d5 2. c4 e6 3. Nc3 Be7 4. cxd5 exd5 5. Bf4 c6 6. Qc2 f5 7. e3 Nf6 8. Bd3 Ne4 9. f3 Nxc3 10. bxc3 O-O 11. Ne2 Be6 12. Be5 Qe8 13. Nf4 Bd8 14. Nxe6 Qxe6 15. O-O Nd7 16. f4 Nxe5 17. fxe5 g6 18.
c4 Bb6 19. cxd5 cxd5 20. Kh1 f4 21. exf4 Bxd4 22. Rad1 Rac8 23. Qb3 Be3 24. g3 g5 25. Be4 Qb6 26. Bxd5+ Kg7 27. f5 Qc5 28. f6+ Kh6 29.
e6 Bd4 30. f7 Rcd8 31. Bxb7 Bg7 32. Rxd8 Rxd8 33. Be4 Qe5 34. Bg2 Rb8 35. Qd5 Qc3 36. e7 1-0

[Event "*** Titled Tuesday Blitz"]
[Site "Chess.com"]
[Date "2021.04.06"]
[Round "3"]
[White "Pawnpusherschessaccademy"]
[Black "colegiodemadrid"]
[Result "0-1"]
[WhiteElo "2244"]
[BlackElo "2505"]
[TimeControl "180+1"]
[EndTime "10:26:46 PDT"]
[Termination "colegiodemadrid won by resignation"]

1. e4 c5 2. Nc3 e6 3. f4 a6 4. Nf3 d5 5. d3 Nf6 6. Qe2 Nc6 7.
g3 Be7 8. Bg2 h5 9. h3 dxe4 10.
Nxe4 Bd7 11. b3 Qa5+ 12. Bd2 Qc7 13. Bc3 b5 14. Bxf6 gxf6 15. c4 f5 16. Nc3 Qa5 17. Rc1 Bf6 18. Ne5 Nd4 19. Qf2 Rd8 20. O-O h4 21. g4 fxg4 22. Ne4 Be7 23. Nxg4 f5 24. Nef6+ Bxf6 25. Nxf6+ Kf7 26. Nxd7 Rxd7 27. Rfe1 b4 28. Re3 Qd8 29. Rce1 Qf6 30. Re5 Rc7 31. Kh2 Rg8 32. Rg1 Rg3 33. Bf1 Nf3+ 0-1

[Event "*** Titled Tuesday Blitz"]
[Site "Chess.com"]
[Date "2021.04.06"]
[Round "3"]
[White "2nd_life"]
[Black "PchelkinVK"]
[Result "0-1"]
[WhiteElo "2411"]
[BlackElo "2597"]
[TimeControl "180+1"]
[EndTime "10:26:48 PDT"]
[Termination "PchelkinVK won by checkmate"]

1. e4 e6 2. Nf3 d5 3. e5 c5 4. b4 d4 5. bxc5 Nc6 6. Bb5 Bxc5 7.
Bxc6+ bxc6 8. Ba3 Bxa3 9. Nxa3 Ba6 10. Nb1 Qa5 11. Qc1 Rb8 12. Kd1 Ne7 13. d3 Nd5 14. Qd2 Qb6 15. Ke2 Qb2 16. Qa5 Qxc2+ 17. Nbd2 Nc3+ 18. Kf1 Qxd3+ 19. Kg1 Ne2+ 20. Kf1 Ng3+ 21.
Kg1 Qf1+ 22. Nxf1 Ne2# 0-1

[Event "*** Titled Tuesday Blitz"]
[Site "Chess.com"]
[Date "2021.04.06"]
[Round "3"]
[White "EvilMorty23"]
[Black "BlueWizzard"]
[Result "0-1"]
[WhiteElo "2454"]
[BlackElo "2762"]
[TimeControl "180+1"]
[EndTime "10:26:49 PDT"]
[Termination "BlueWizzard won by resignation"]

1. e4 d6 2. d4 a6 3. a4 Nd7 4. c3 b6 5. Bd3 Bb7 6. Nf3 Ngf6 7.
Nbd2 e5 8. O-O Be7 9. Re1 O-O 10. Nf1 Re8 11. Ng3 Bf8 12. h4 h6 13. h5 c6 14. Nf5 Qc7 15. N3h4 d5 16. f3 c5 17. dxe5 Nxe5 18. Bf4 c4 19. Bc2 Nxh5 20. Bh2 g6 21. Nd4 dxe4 22. f4 Nd3 23. f5 Bd6 24. Bxd6 Qxd6 25.
fxg6 fxg6 26. Bxd3 exd3 27. Qg4 Qg3 28. Qxg6+ Qxg6 29. Nxg6 Kh7 30. Ne7 Nf4 31. Re5 Nxg2 32.
Rf1 Rf8 33. Nef5 Rae8 34. Rxe8 Rxe8 35. Nd6 Re1 36. Kf2 d2 37. Ne6 Rxf1+ 38. Kxf1 d1=Q+ 0-1

[Event "*** Titled Tuesday Blitz"]
[Site "Chess.com"]
[Date "2021.04.06"]
[Round "3"]
[White "GregShahade"]
[Black "lucachess49"]
[Result "1-0"]
[WhiteElo "2708"]
[BlackElo "2443"]
[TimeControl "180+1"]
[EndTime "10:26:50 PDT"]
[Termination "GregShahade won by resignation"]

1. e4 e5 2. Nf3 Nc6 3. Bb5 a6 4. Ba4 Nf6 5. O-O Be7 6. Re1 b5 7. Bb3 d6 8. c3 O-O 9. h3 Na5 10. Bc2 c5 11. d4 Qc7 12. d5 Bd7 13. b3 c4 14. b4 Nb7 15. a4 a5 16. axb5 axb4 17.
Rxa8 Rxa8 18. cxb4 Bxb5 19. Nc3 Be8 20. Be3 Nd7 21.
Ba4 Nb6 22. Bxe8 Rxe8 23. Qa1 Ra8 24. Bxb6 Rxa1 25. Bxc7 Ra6 26. Rb1 Kf8 27. Nd2 Ke8 28.
Nxc4 Kd7 29. b5 1-0

[Event "*** Titled Tuesday Blitz"]
[Site "Chess.com"]
[Date "2021.04.06"]
[Round "3"]
[White "KacperPolOK"]
[Black "Omk124"]
[Result "1-0"]
[WhiteElo "2418"]
[BlackElo "2578"]
[TimeControl "180+1"]
[EndTime "10:26:50 PDT"]
[Termination "KacperPolOK won by checkmate"]

1. e4 c5 2. Nc3 a6 3. Nf3 d6 4.
d4 cxd4 5. Nxd4 Nf6 6. Bg5 e6 7.
f4 Be7 8. Qd3 Qc7 9. O-O-O Nbd7 10.
Qg3 O-O 11. Bd3 h6 12. Bxf6 Nxf6 13. e5 dxe5 14. fxe5 Nh5 15. Qf3 Qxe5 16. g4 Qf4+ 17. Kb1 Qxf3 18. Nxf3 Nf6 19. Ne5 Rd8 20. h4 Nd7 21.
Nf3 Nc5 22. g5 hxg5 23. hxg5 Nxd3 24. cxd3 Bd7 25. Rh3 Bc6 26. Rdh1 f5 27. Rh8+ Kf7 28. Ne5# 1-0

[Event "*** Titled Tuesday Blitz"]
[Site "Chess.com"]
[Date "2021.04.06"]
[Round "3"]
[White "goodwilll"]
[Black "dropstoneDP"]
[Result "0-1"]
[WhiteElo "2368"]
[BlackElo "2941"]
[TimeControl "180+1"]
[EndTime "10:26:52 PDT"]
[Termination "dropstoneDP won on time"]

1. d4 c6 2. c4 Nf6 3. Nc3 d5 4. Nf3 b6 5. cxd5 cxd5 6. Bf4 e6 7. e3 Bd6 8. Bb5+ Ke7 9. Ne5 Bb7 10. O-O a6 11. Bd3 h6 12. h3 Nc6 13. Rc1 Bxe5 14.
dxe5 Nd7 15. e4 d4 16. Nd5+ exd5 17. exd5 Ncxe5 18. Re1 f6 19. Bf5 Re8 20. Qxd4 Kf8 21. Be6 Nc5 22. Bxe5 fxe5 23. Qxe5 Nxe6 24. dxe6 Qd5 25.
Qxd5 Bxd5 26. Rc7 Bxe6 27. b3 Bf7 28. Rd1 Re7 29. Rc6 b5 30. Rdd6 Rea7 31. f4 Be8 32. Rb6 a5 33. f5 a4 34. f6 g6 35. b4 a3 36. h4 h5 37. Kh2 Bf7 0-1

[Event "*** Titled Tuesday Blitz"]
[Site "Chess.com"]
[Date "2021.04.06"]
[Round "3"]
[White "m_ezat"]
[Black "Ceejay271"]
[Result "1-0"]
[WhiteElo "2548"]
[BlackElo "2349"]
[TimeControl "180+1"]
[EndTime "10:26:55 PDT"]
[Termination "m_ezat won by resignation"]

1. d4 Nf6 2. c4 e6 3. Nc3 Bb4 4. e3 O-O 5. a3 Bxc3+ 6. bxc3 c5 7. Bd3 b6 8. Ne2 Ba6 9. O-O Nc6 10. e4 d6 11. Bg5 h6 12. Bh4 e5 13. f4 exf4 14.
Nxf4 g5 15. Nh5 Nxh5 16. Qxh5 gxh4 17. Qxh6 f5 18. e5 Qe7 19. Rxf5 Rxf5 20. Bxf5 Bxc4 21. Rf1 Bxf1 22. Be6+ Qxe6 23. Qxe6+ Kh8 24. Qf6+ Kg8 25. Qg6+ Kh8 26. Kxf1 cxd4 27. Qxd6 Na5 28. cxd4 Nc4 29. Qh6+ Kg8 30. Qe6+ Kg7 31. Qxc4 1-0

[Event "*** Titled Tuesday Blitz"]
[Site "Chess.com"]
[Date "2021.04.06"]
[Round "3"]
[White "Michaelson_11"]
[Black "DrCeltic"]
[Result "0-1"]
[WhiteElo "2230"]
[BlackElo "2468"]
[TimeControl "180+1"]
[EndTime "10:26:55 PDT"]
[Termination "DrCeltic won on time"]

1. e4 c5 2. Nf3 e6 3. d4 cxd4 4.
Nxd4 a6 5. Nc3 Qc7 6. Be3 Nf6 7. a3 b5 8. f4 b4 9. axb4 Bxb4 10. Qd3 Bb7 11. e5 Ne4 12. Ne2 O-O 13. Bd4 d5 14. exd6 Nxd6 15. O-O-O Nf5 16. Be5 Qb6 17. Kb1 Nc6 18.
g4 Nxe5 19. fxe5 Ne3 20. Bh3 Rad8 21. Nd4 Rxd4 22. Qxd4 Qxd4 23. Rxd4 Bxc3 0-1

[Event "*** Titled Tuesday Blitz"]
[Site "Chess.com"]
[Date "2021.04.06"]
[Round "3"]
[White "stanyga"]
[Black "Smirnov_Pavel"]
[Result "1-0"]
[WhiteElo "2650"]
[BlackElo "2871"]
[TimeControl "180+1"]
[EndTime "10:26:56 PDT"]
[Termination "stanyga won by resignation"]

1. e4 e5 2. Nf3 Nc6 3. Bb5 a6 4.
Ba4 Nf6 5. O-O Be7 6. Re1 b5 7. Bb3 O-O 8. d4 d6 9. c3 Bg4 10. d5 Na5 11. Bc2 c6 12. h3 Bc8 13.
dxc6 Qc7 14. Nbd2 Qxc6 15. Nf1 Be6 16. Ng5 Bd7 17. Ng3 h6 18. Nf3 Rfe8 19. Nh4 d5 20.
Nhf5 Bf8 21. exd5 Qxd5 22. Ne4 Qxd1 23. Nxh6+ Kh8 24. Nxf7+ Kg8 25. Nxf6+ Kxf7 26. Rxd1 Kxf6 27. Rxd7 Rad8 28. Ra7 Re6 29. h4 Be7 30. Bg5+ Kf7 31. Bf5 Nc6 32. Bxe6+ Kxe6 33. Rxa6 1-0

[Event "*** Titled Tuesday Blitz"]
[Site "Chess.com"]
[Date "2021.04.06"]
[Round "3"]
[White "Twitch_ElhamBlitz05"]
[Black "GMRafpig"]
[Result "1-0"]
[WhiteElo "2844"]
[BlackElo "2607"]
[TimeControl "180+1"]
[EndTime "10:27:02 PDT"]
[Termination "Twitch_ElhamBlitz05 won by resignation"]

1. e4 e5 2. Nc3 Nf6 3. Bc4 Nc6 4.
d3 Bc5 5. f4 d6 6. Nf3 Bg4 7.
Na4 Nd4 8. Nxc5 Bxf3 9. gxf3 dxc5 10. fxe5 Nxe4 11. fxe4 Qh4+ 12. Kf1 Qh3+ 13. Kg1 Nf3+ 14. Kf2 Nxe5 15. Bf4 Ng4+ 16. Ke1 O-O 17. Qe2 Kh8 18. Kd2 f5 19. Rag1 fxe4 20. Qxg4 1-0

[Event "*** Titled Tuesday Blitz"]
[Site "Chess.com"]
[Date "2021.04.06"]
[Round "3"]
[White "ajdemipopushi"]
[Black "mikolka1985"]
[Result "0-1"]
[WhiteElo "2428"]
[BlackElo "2657"]
[TimeControl "180+1"]
[EndTime "10:27:03 PDT"]
[Termination "mikolka1985 won on time"]

1. Nf3 d5 2. g3 c6 3. c4 Nf6 4. Bg2 dxc4 5. O-O Nbd7 6. Na3 Nb6 7. Qc2 g6 8. Nxc4 Nxc4 9. Qxc4 Bg7 10. b3 Nd5 11. Rb1 O-O 12. Bb2 Bxb2 13. Rxb2 a5 14. a3 Qd6 15. b4 Nc7 16. d3 axb4 17. axb4 Nb5 18. Qc5 Rd8 19. Qxd6 Rxd6 20. Nd2 Be6 21. Ne4 Rdd8 22. Nc5 Bc8 23. Rc1 Kf8 24. e3 e5 25.
Bf1 Ke7 26. Rd1 Ra3 27. h4 Nc7 28. d4 exd4 29. exd4 b6 30. Ne4 Bf5 31. Ng5 h6 32. Nh3 Ne6 33. Rbd2 Bg4 34. Re1 Kf6 35. Re4 Bf5 36.
Re3 Ra1 0-1

[Event "*** Titled Tuesday Blitz"]
[Site "Chess.com"]
[Date "2021.04.06"]
[Round "3"]
[White "paulrusan"]
[Black "Annagozel"]
[Result "1-0"]
[WhiteElo "2279"]
[BlackElo "1816"]
[TimeControl "180+1"]
[EndTime "10:27:04 PDT"]
[Termination "paulrusan won by checkmate"]

1. e4 e5 2. f4 exf4 3. Nf3 d5 4.
exd5 Qxd5 5. Nc3 Qe6+ 6. Kf2 Bc5+ 7. d4 Bb6 8. Bb5+ c6 9. Re1 cxb5 10. Nxb5 Ne7 11. Rxe6 Bxe6 12. Nd6+ Kd7 13. Bxf4 Nbc6 14. c3 Nd5 15. Bg3 Rhd8 16. Nc4 Bc7 17. Nfe5+ Nxe5 18. Nxe5+ Ke7 19. Qh5 Nf6 20. Qh4 Ke8 21. Re1 g5 22.
Qxg5 Bxe5 23. Rxe5 Ke7 24. Bh4 Rg8 25. Qxf6+ Kd7 26.
Qe7+ Kc8 27. Rc5+ Kb8 28. Qc7# 1-0

[Event "*** Titled Tuesday Blitz"]
[Site "Chess.com"]
[Date "2021.04.06"]
[Round "3"]
[White "UCantHandleDenker"]
[Black "ZEN-22"]
[Result "1-0"]
[WhiteElo "2595"]
[BlackElo "2405"]
[TimeControl "180+1"]
[EndTime "10:27:05 PDT"]
[Termination "UCantHandleDenker won by resignation"]

1. Nf3 d5 2. g3 Nf6 3. Bg2 g6 4. O-O Bg7 5. d3 O-O 6. Nbd2 b6 7. e4 dxe4 8. dxe4 Bb7 9. e5 Nd5 10. a3 c5 11. e6 fxe6 12. Ng5 Qc8 13. Qe2 Nc7 14. Bxb7 Qxb7 15. Nxe6 Nxe6 16. Qxe6+ Kh8 17. Ne4 Nc6 18. c3 Ne5 19. Ng5 h6 20. Bf4 Nf3+ 21. Nxf3 Qxf3 22. Rae1 g5 23. Be5 Qh5 24. Qxe7 Rf7 25. Bxg7+ Rxg7 26. Qf6 Kh7 27. Re6 Rf7 28. Re7 Rf8 29. Rfe1 Qh3 30. Rxf7+ Rxf7 31. Qxf7+ 1-0

[Event "*** Titled Tuesday Blitz"]
[Site "Chess.com"]
[Date "2021.04.06"]
[Round "3"]
[White "Sanyura"]
[Black "zmeeed67"]
[Result "1-0"]
[WhiteElo "2596"]
[BlackElo "2409"]
[TimeControl "180+1"]
[EndTime "10:27:06 PDT"]
[Termination "Sanyura won on time"]

1. e4 c5 2. Nf3 e6 3. d4 cxd4 4. Nxd4 Nf6 5. Nc3 Bb4 6. e5 Nd5 7. Qg4 O-O 8. Bd3 f5 9. Nxf5 exf5 10. Qc4 Bxc3+ 11. bxc3 Qa5 12. O-O Kh8 13. Rb1 Ne7 14. Rb5 Qd8 15. Bg5 Nbc6 16. Qh4 b6 17. Re1 Ba6 18.
Rd5 Bxd3 19. Rxd3 Qe8 20. Rh3 h5 21. Bf6 Nd5 22. Bxg7+ Kxg7 23. Rg3+ Kh7 24. Rg5 Nf6 25. Rxf5 Qe6 26. Rg5 1-0

[Event "*** Titled Tuesday Blitz"]
[Site "Chess.com"]
[Date "2021.04.06"]
[Round "3"]
[White "sau6on"]
[Black "kingnb"]
[Result "0-1"]
[WhiteElo "2369"]
[BlackElo "2565"]
[TimeControl "180+1"]
[EndTime "10:27:06 PDT"]
[Termination "kingnb won on time"]

1. e4 d5 2. exd5 Nf6 3. d4 Bg4 4. Nf3 Qxd5 5. Be2 Nc6 6. c4 Qf5 7. Be3 O-O-O 8. Nbd2 e6 9. a3 Bd6 10. b4 Bf4 11. b5 Bxe3 12. fxe3 Ne7 13. O-O Qh5 14. h3 Nf5 15. hxg4 Nxg4 16. Nh4 Qxh4 17. Bxg4 Nxe3 18. Qe1 Qxe1 19. Raxe1 Nxf1 20. Nxf1 Rxd4 21. Be2 Rhd8 22. Kf2 Re4 23. g3 f5 24. Ne3 Rd2 25. Kf3 Ra2 26. Bd3 Rd4 0-1

[Event "*** Titled Tuesday Blitz"]
[Site "Chess.com"]
[Date "2021.04.06"]
[Round "3"]
[White "rachidhuilda"]
[Black "BanjoKazooieN64"]
[Result "1-0"]
[WhiteElo "2255"]
[BlackElo "2471"]
[TimeControl "180+1"]
[EndTime "10:27:07 PDT"]
[Termination "rachidhuilda won by resignation"]

1. d4 e6 2. Nf3 f5 3. g3 Nf6 4. Bg2 Be7 5. O-O O-O 6. b3 d6 7.
Bb2 a5 8. a4 Ne4 9. Nbd2 Nxd2 10. Qxd2 Bf6 11. e3 Nc6 12. Rad1 Qe8 13. Ba1 e5 14. dxe5 dxe5 15. h4 Qh5 16. Ng5 h6 17. Bd5+ Kh8 18. Ne6 Bxe6 19. Bxe6 f4 20. exf4 exf4 21.
Bxf6 Rxf6 22. Bd5 Raf8 23. Bg2 Ne5 24. Qd5 Rf5 25. Be4 fxg3 26. fxg3 Rxf1+ 27. Rxf1 Rxf1+ 28. Kxf1 Qf7+ 29. Qxf7 Nxf7 30. Bxb7 Nd6 31. Bd5 1-0

[Event "*** Titled Tuesday Blitz"]
[Site "Chess.com"]
[Date "2021.04.06"]
[Round "3"]
[White "TheCount"]
[Black "dretch"]
[Result "0-1"]
[WhiteElo "2598"]
[BlackElo "2818"]
[TimeControl "180+1"]
[EndTime "10:27:08 PDT"]
[Termination "dretch won on time"]

1. Nf3 d5 2. g3 Bg4 3. Bg2 Nd7 4. O-O e6 5. c4 Ngf6 6. cxd5 exd5 7. h3 Bxf3 8. Bxf3 Bd6 9. d4 O-O 10. Nc3 c6 11.
Kg2 Re8 12. h4 Ne4 13. Qc2 f5 14. e3 Ndf6 15. Rb1 Qe7 16. a3 Qf7 17. b4 Qg6 18. Nxe4 Nxe4 19. Bxe4 Rxe4 20. b5 Rg4 21. Rh1 Bxg3 22.
fxg3 Rxg3+ 23. Kf1 Qg4 24. Ke1 Re8 25. Qe2 Qe4 26. Rf1 Qxb1 27. bxc6 Rgxe3 0-1

[Event "*** Titled Tuesday Blitz"]
[Site "Chess.com"]
[Date "2021.04.06"]
[Round "3"]
[White "ViktoriyaTarasova"]
[Black "olksuna"]
[Result "1-0"]
[WhiteElo "2452"]
[BlackElo "2665"]
[TimeControl "180+1"]
[EndTime "10:27:09 PDT"]
[Termination "ViktoriyaTarasova won by resignation"]

1. d4 Nf6 2. c4 e6 3. Nc3 Bb4 4. Nf3 d6 5. Qc2 Nc6 6. Bd2 O-O 7. e3 e5 8. d5 Nb8 9. a3 Bxc3 10. Bxc3 a5 11. Nd2 a4 12. Be2 Nbd7 13. O-O Nc5 14.
e4 Bg4 15. f3 Bd7 16. Rfe1 Nh5 17. g3 f5 18. f4 Nxf4 19. gxf4 exf4 20. Kh1 fxe4 21.
Nxe4 f3 22. Rg1 g6 23. Nxc5 Bf5 24. Bd3 f2 25. Rg2 Bxd3 26. Qxd3 Qe8 27. Ne6 Rf7 28.
Rxg6+ 1-0

[Event "*** Titled Tuesday Blitz"]
[Site "Chess.com"]
[Date "2021.04.06"]
[Round "3"]
[White "MaevskiyNikolay"]
[Black "Smile2005"]
[Result "1-0"]
[WhiteElo "2576"]
[BlackElo "2387"]
[TimeControl "180+1"]
[EndTime "10:27:12 PDT"]
[Termination "MaevskiyNikolay won by resignation"]

1. Nf3 Nf6 2. c4 g6 3. Nc3 Bg7 4. e4 O-O 5. d4 d6 6. h3 e5 7. Be3 exd4 8. Nxd4 Re8 9. Qc2 Nc6 10. Nxc6 bxc6 11. Be2 Nd7 12. O-O c5 13. Rfe1 Ne5 14.
Rad1 Nc6 15. Bxc5 Bxh3 16. Be3 Be6 17. c5 Qh4 18. g3 Qh3 19. cxd6 cxd6 20. Bf1 Qh5 21. Be2 Qh3 22. Nd5 Ne5 23. Nf4 Qh6 24. Nxe6 Qh3 25. Nxg7 Kxg7 26. Rxd6 Kg8 27. Bd4 Rac8 28.
Qd2 Rc4 29. Bxe5 Rxe4 30. Bf1 Rxe1 31. Qxe1 Qf5 32. Rd5 f6 33. Bc4 Kg7 34. Bxf6+ Kf8 35. Qb4+ 1-0

[Event "*** Titled Tuesday Blitz"]
[Site "Chess.com"]
[Date "2021.04.06"]
[Round "3"]
[White "Vamostodorecto"]
[Black "mitrabhaa"]
[Result "0-1"]
[WhiteElo "2450"]
[BlackElo "2737"]
[TimeControl "180+1"]
[EndTime "10:27:15 PDT"]
[Termination "mitrabhaa won by checkmate"]

1. d4 Nf6 2. c4 c5 3. d5 b5 4. cxb5 a6 5. Nc3 axb5 6. e4 b4 7. Nb5 d6 8. a4 g6 9. b3 Bg7 10. Bb2 O-O 11. Qc2 Ba6 12. Bd3 Nbd7 13. Nf3 Nh5 14. Bxg7 Kxg7 15. O-O Nf4 16. Bc4 f6 17. Rfe1 Ne5 18. Nxe5 fxe5 19. Kh1 Qd7 20. f3 g5 21. Rad1 h5 22. Qf2 Kh6 23. Bf1 Rf6 24. Qd2 Raf8 25. g3 Ng6 26. Be2 h4 27. Rg1 hxg3 28. Rxg3 Nf4 29.
Rdg1 Nh3 30. Rxg5 Nf4 31. R5g4 Kh7 32. Qe1 Rh6 33. Qg3 Qe8 34. Rg7+ Kh8 35. Nc7 Nxe2 36. Qg2 Nxg1 37. Nxe8 Nxf3 38. Qg5 Rxh2# 0-1